 Dungeon Crawl Stone Soup version 0.22-a0-284-g99d1f74 (webtiles) character file.

84 Azzok the Skirmisher (level 4, -3/29 HPs)
             Began as a Gargoyle Fighter on Mar 20, 2018.
             Killed from afar by Natasha (11 damage)
             ... with a wand of flame (12)
             ... on level 2 of the Dungeon.
             The game lasted 00:02:28 (1104 turns).

Azzok the Skirmisher (Gargoyle Fighter)             Turns: 1104, Time: 00:02:29

Health: -3/29      AC: 11    Str: 21    XL:     4   Next: 46%
Magic:  4/4        EV:  7    Int:  8    God:
Gold:   105        SH:  9    Dex:  9    Spells: 3/3 levels left

rFire    . . .     SeeInvis .   a - +0 flail
rCold    . . .     Gourm    .   c - +0 shield
rNeg     + . .     Faith    .   b - +0 scale mail
rPois    ∞         Spirit   .   g - +0 helmet
rElec    +         Reflect  .   (no cloak)
rCorr    .         Harm     .   (no gloves)
MR       .....                  (no boots)
Stlth    ..........             (no amulet)
HPRegen  0.09/turn              (no ring)
MPRegen  0.09/turn              (no ring)

@: no status effects
A: negative energy resistance 1, electricity resistance, unbreathing,
petrification resistance, rot immunity, AC +3
a: no special abilities


You were on level 2 of the Dungeon.
You were not hungry.

You visited 1 branch of the dungeon, and saw 2 of its levels.

You collected 105 gold pieces.

Inventory:

Hand Weapons
 a - a +0 flail (weapon)
Missiles
 l - 7 javelins (quivered)
Armour
 b - a +0 scale mail (worn)
 c - a +0 shield (worn)
 g - a +0 helmet (worn)
Scrolls
 h - a scroll of immolation {unknown}
 i - a scroll of enchant armour {unknown}
 j - a scroll of identify {unknown}
Potions
 e - a potion of degeneration {unknown}
 k - a potion of mutation {unknown}
Comestibles
 d - 9 chunks of flesh
 f - 3 rations


   Skills:
 + Level 4.1 Fighting
 * Level 3.9 Maces & Flails
 - Level 3.2 Armour
 - Level 3.2 Shields


You had 3 spell levels left.
You didn't know any spells.

Dungeon Overview and Level Annotations

Branches:
Dungeon (2/15)

Altars:

Annotations:
D:2 Natasha


Innate Abilities, Weirdness & Mutations

You are resistant to torment.
Your stone body is resilient. (AC +3)
You are immune to poison.
You resist negative energy. (rN+)
You are resistant to electric shocks. (rElec)
You can survive without breathing.
You are immune to petrification.
You are immune to rotting.


Message History

Natasha zaps a wand.
The puff of flame hits you!
You see here a leopard gecko corpse.
Natasha wildly gestures.
You feel disoriented. Natasha casts a spell at you. The magic dart hits you!
* * * LOW HITPOINT WARNING * * *
You hit Natasha but do no damage.
Natasha casts a spell.
Natasha mewls in sadness.
Natasha claws you but does no damage.
You closely miss Natasha. Natasha casts a spell at you.
The magic dart hits you!
* * * LOW HITPOINT WARNING * * *
The white imp barely misses you.
You sock Natasha!
Natasha is heavily wounded.
Natasha zaps a wand.
The puff of flame hits you!
You die...

▒··▒ ▒···▒·▒▒▒▒·▒▒▒▒··h···
·▒··▒▒▒▒▒···▒··············
·▒··▒▒········▒······▒··▒
························▒
·▒··▒▒·▒▒·▒·▒▒▒······▒▒·▒▒··
····▒▒·▒▒▒▒·▒▒▒▒············
·····················▒▒▒▒▒▒▒
·················h·▒···▒▒▒▒▒
·▒▒▒▒▒·▒▒▒▒▒▒▒▒▒@5···········
···············†·············
▒▒▒▒▒▒·▒▒▒▒▒▒▒▒▒···▒▒▒▒▒▒▒▒▒▒
▒▒▒ ▒▒▒▒▒


You could see Natasha and a white imp.

Vanquished Creatures
  Natasha (D:2)
  Robin (D:2)
  An ooze (D:1)
  A dart slug (D:1)
  A leopard gecko (D:2)
  2 giant cockroaches
  12 goblins
  5 hobgoblins
  7 kobolds
  5 bats
  2 frilled lizards (D:2)
  4 rats
42 creatures vanquished.

Notes
Turn   | Place    | Note
-------+----------+-------------------------------------------
     0 | D:1      | Azzok the Gargoyle Fighter began the quest for the Orb.
     0 | D:1      | Reached XP level 1. HP: 14/14 MP: 1/1
   198 | D:1      | Reached XP level 2. HP: 19/19 MP: 2/2
   530 | D:1      | Reached XP level 3. HP: 24/24 MP: 3/3
   864 | D:2      | Noticed Robin
   902 | D:2      | Killed Robin
   902 | D:2      | Reached skill level 4 in Fighting
  1009 | D:2      | Reached XP level 4. HP: 29/29 MP: 4/4
  1041 | D:2      | Noticed Natasha
  1059 | D:2      | Killed Natasha
  1088 | D:2      | Noticed Natasha
  1104 | D:2      | Killed from afar by Natasha

Vault maps used:
D:1:      elethiomel_arrival_shortcut
D:2:      chequers_temple_overflow_minitemple, old_standard_altar, tgw_fedhas,
          uniq_robin, uniq_natasha

Skill      XL: |  1  2  3 |
---------------+----------+-----
Maces & Flails | 3 |  3.9
Fighting       | 4 |  4.1
Armour         | |  3.2
Shields        | |  3.2

Action                   |  1- 3 |  4- 6 || total
-------------------------+-------+-------++-------
Melee: Flail             |   108 |    14 ||   122
  Use: Potion            |     1 |       ||     1
  Eat: Chunk             |     1 |       ||     1
Armor: Scale mail        |    63 |    11 ||    74
Dodge: Dodged            |    37 |     5 ||    42
Block: Shield            |    61 |     3 ||    64

Table legend:
 A = Spawn XP
 B = Non-spawn XP
 C = Spawn XP percentage of total XP
 D = Spawn monster count
 E = Non-spawn monster count
 F = Spawn count percentage of total count
 G = Total turns spent on level
                    A         B        C        D         E        F      G
               +---------+---------+-------+---------+---------+-------+---------
         Total |       0 |     121 |   0.0 |       0 |      42 |   0.0 |  1104
               +---------+---------+-------+---------+---------+-------+---------
           D:1 |       0 |      40 |   0.0 |       0 |      21 |   0.0 |   864
           D:2 |       0 |      81 |   0.0 |       0 |      21 |   0.0 |   240
               +---------+---------+-------+---------+---------+-------+---------
